 Dungeon Crawl Stone Soup version 0.24.1 (webtiles) character file.

Game seed: 206085913484477277, levelgen mode: deterministic

46 Destapler the Skirmisher (level 3, 0/33 HPs)
             Began as a Minotaur Abyssal Knight on Mar 26, 2020.
             Was a Follower of Lugonu.
             Succumbed to an adder's poison
             ... on level 1 of the Dungeon.
             The game lasted 00:06:33 (1285 turns).

Destapler the Skirmisher (Minotaur Abyssal Knight)  Turns: 1285, Time: 00:06:33

Health: 0/33       AC:  1    Str: 16    XL:     3   Next: 46%
Magic:  3/3        EV:  9    Int:  9    God:    Lugonu [*.....]
Gold:   33         SH:  9    Dex: 13    Spells: 2/2 levels left

rFire    . . .     SeeInvis .   a - +2 hand axe
rCold    . . .     Gourm    .   k - +2 shield
rNeg     . . .     Faith    .   j - -2 robe (curse)
rPois    .         Spirit   .   (helmet restricted)
rElec    .         Reflect  .   i - +0 cloak
rCorr    .         Harm     .   (no gloves)
MR       .....                  (no boots)
Stlth    +.........             (no amulet)
HPRegen  0.11/turn              h - +3 ring of dexterity
MPRegen  0.08/turn              (no ring)

@: lethally poisoned (0 -> -12)
A: retaliatory headbutt, horns 2
a: Depart the Abyss, Renounce Religion


You were on level 1 of the Dungeon.
You worshipped Lugonu.
Lugonu was aware of your devotion.
You were not hungry.

You visited 1 branch of the dungeon, and saw 2 of its levels.
You visited the Abyss 1 time.

You collected 33 gold pieces.

Inventory:

Hand Weapons
 a - a +2 hand axe (weapon)
 d - a +0 lajatang
Missiles
 f - 33 stones (quivered)
 l - 17 poisoned darts
Armour
 b - a +0 leather armour
 i - a +0 cloak (worn)
 j - a cursed -2 robe (worn)
 k - a +2 shield (worn)
Magical Staves
 e - an uncursed staff of poison
Jewellery
 h - a +3 ring of dexterity (left hand)
Scrolls
 m - a scroll of identify
Comestibles
 c - 4 rations
 g - 6 chunks of flesh


   Skills:
 + Level 4.2 Fighting
 + Level 2.9 Axes
 + Level 3.2 Armour
 - Level 1.4 Dodging
 * Level 0.8 Shields
 + Level 2.1 Invocations


You had 2 spell levels left.
You didn't know any spells.
Your spell library was empty.

Dungeon Overview and Level Annotations

Branches:
Dungeon (2/15)

Altars:


Innate Abilities, Weirdness & Mutations

You reflexively headbutt those who attack you in melee.
You have a pair of horns on your head.


Message History

You completely miss the adder. Your headbutt misses the adder.
You block the adder's attack. The adder bites you.
You barely miss the adder.
You feel sick. You block the adder's attack.
You miss the adder. Your headbutt misses the adder. The adder bites you.
* * * LOW HITPOINT WARNING * * *
You are lethally poisoned!
The adder poisons you! The adder bites you.
* * * LOW HITPOINT WARNING * * *
You are more poisoned.
The adder poisons you!
You aren't carrying any potions.
* * * LOW HITPOINT WARNING * * *
You feel sick.
You aren't carrying any potions.
You closely miss the adder.
* * * LOW HITPOINT WARNING * * *
You feel sick. The adder barely misses you.
You hit the adder. Your headbutt misses the adder.
The adder is lightly wounded.
You die...

#.# #.# #.# ####### #.# #.# #.#
.....)# #.# #.# #.# #####.#####
#.# #.# ### #.#
#####.....#####.#####.#####.###.#
..........'......................
#####.....#####.#####.#####.###..
###.#########.#####.......###.#
###............S@...............#
............###.#####.........#.#
.####.#####.# #..................
.# #.#####.# #.#####..###..#.#..
.####.......###..# #..# #..#.###
.#...............# #..###..#.##8
.#...#........#..####........##..
.#..........................##8..
.#.....#.....#...####..###.##....


You could see an adder.

Vanquished Creatures
  A gnoll (D:1)
  A dart slug (D:1)
  2 leopard geckos (D:1)
  A giant cockroach (D:1)
  6 goblins
  2 hobgoblins (D:1)
  7 kobolds
  5 bats (D:1)
  5 frilled lizards
  2 rats (D:1)
32 creatures vanquished.

Notes
Turn   | Place    | Note
-------+----------+-------------------------------------------
     0 | Abyss:1  | Destapler the Minotaur Abyssal Knight began the quest for
                  | the Orb.
     0 | Abyss:1  | Reached XP level 1. HP: 19/19 MP: 1/1
    60 | Abyss:2  | Noticed a chaos spawn
    63 | Abyss:2  | Noticed a small abomination
    66 | Abyss:2  | Noticed a starcursed mass
    71 | D:1      | Escaped the Abyss
   318 | D:1      | Reached skill level 4 in Fighting
   318 | D:1      | Reached XP level 2. HP: 24/27 MP: 2/2
   669 | D:1      | Reached * piety under Lugonu
   990 | D:1      | Reached XP level 3. HP: 29/33 MP: 3/3
  1285 | D:1      | Succumbed to an adder's poison

Levels and vault maps discovered:
D:1:      minmay_arrival_stair_chambers, layout_basic, grunt_decor_mini_mirrors,
          dk_noncrumbling_4, minmay_misc_feat_tower
D:2:      layout_rooms, nicolae_overflow_hidden_temple, elyvilon_altar_3,
          uniq_jessica

Skill      XL: |  1  2 |
---------------+-------+-----
Fighting       | 4 |  4.2
Armour         | 3 |  3.2
Invocations    | 2 |  2.1
Axes           | |  2.9
Dodging        | |  1.4
Shields        | |  0.8

Action                   || total
-------------------------++-------
Melee: Hand axe          ||    77
       Headbutt          ||     7
Invok: Depart the Abyss  ||     1
  Use: Scroll            ||     4
 Stab: Sleeping          ||     1
  Eat: Chunk             ||     1
Armor: Leather armour    ||     8
       Robe              ||     3
Dodge: Dodged            ||    54
Block: Shield            ||    13
